 Dungeon Crawl Stone Soup version 0.30.0-29-ga12c61a403 (webtiles) character file.

Game seed: 13762322807364390340

0 monsoonserge the Cudgeller (level 1, -1/22 HPs)
             Began as a Troll Berserker on June 16, 2023.
             Was a Follower of Trog.
             Slain by a goblin
             ... wielding a +0 dagger of electrocution
              (2 damage)
             ... on level 1 of the Dungeon.
             The game lasted 00:00:19 (49 turns).

monsoonserge the Cudgeller (Troll Berserker)          Turns: 49, Time: 00:00:20

Health: -1/22      AC:  4    Str: 24    XL:     1   Next: 8%
Magic:  0/0        EV: 10    Int:  3    God:    Trog [*.....]
Gold:   0          SH:  0    Dex:  9    Spells: 0/0 levels left

rFire   . . .        a - +0 mace
rCold   . . .        (no shield)
rNeg    . . .        b - +0 animal skin
rPois   .            (helmet restricted)
rElec   .            (no cloak)
rCorr   .            (gloves unavailable)
SInv    .            (boots unavailable)
Will    .....        (no amulet)
Stlth   +            (no ring)
HPRegen 1.03/turn    (no ring)
MPRegen 0.07/turn

%: no passive effects
@: no status effects
A: large, unfitting armour, claws 3, regeneration 1, shaggy fur 1, tough skin 1
a: Renounce Religion, Berserk


You were on level 1 of the Dungeon.
You worshipped Trog.
Trog was aware of your devotion.
You visited 1 branch of the dungeon, and saw 1 of its levels.

Inventory:

Hand Weapons
 a - a +0 mace (weapon)
Armour
 b - a +0 animal skin (worn)


   Skills:
 + Level 2.4 Fighting
 + Level 2.7 Maces & Flails
 + Level 2.4 Dodging


You couldn't memorise any spells.
You didn't know any spells.
Your spell library was empty.

Dungeon Overview and Level Annotations

Branches:
Dungeon (1/15)

Altars:


Innate Abilities, Weirdness & Mutations

You are too large for most types of armour.
You have claws for hands.
Your natural rate of healing is unusually fast.
You are covered in fur. (AC +1)
You have tough skin. (AC +1)


Message History

You closely miss the bat. The bat misses you.
The bat hits you but does no damage. The bat misses you.
The frilled lizard closely misses you.
You closely miss the bat. The bat hits you but does no damage. x2
The bat closely misses you. The frilled lizard barely misses you.
The bat hits you but does no damage.
The frilled lizard bites you but does no damage.
You barely miss the bat. The bat closely misses you.
The bat hits you but does no damage. The frilled lizard bites you.
You hit the frilled lizard.
You kill the frilled lizard!
Trog accepts your kill. The bat closely misses you. The bat barely misses you.
The bat hits you but does no damage. The goblin closely misses you.
The bat misses you.
You hit the bat.
The bat is severely wounded.
The bat barely misses you. The bat hits you but does no damage.
The goblin hits you with a +0 club. The goblin hits you but does no damage.
Found 9 gold pieces.
The bat hits you but does no damage. The goblin hits you but does no damage.
You are electrocuted!
Ouch! That really hurt!
The goblin hits you with a +0 club.
* * * LOW HITPOINT WARNING * * *
You see here a frilled lizard corpse.
Unknown command.
You hit the goblin.
The goblin is heavily wounded.
The bat barely misses you. The endoplasm barely misses you.
The goblin hits you with a +0 club.
* * * LOW HITPOINT WARNING * * *
The goblin hits you with a +0 dagger of electrocution.
* * * LOW HITPOINT WARNING * * *
You hit the goblin.
You kill the goblin!
Trog accepts your kill.
The bat hits you but does no damage. x4; The endoplasm hits you.
* * * LOW HITPOINT WARNING * * *
The goblin hits you with a +0 dagger of electrocution.
You die...

#~~.####..##~...##
#~...#....~#..#..#
#~<..'........#..#
#~...'......#....
#~...#......#~~.
#~~.####.#.#~~# .#
#≈~.#..#...#~.#..##
##~.'..#...J#......
#####⌠#~..@)......
###~~bgb......
#≈≈~........
##≈~~~......
#≈~~.......
##~..#...=#
.......#.#
##..#..$.#


You could see an endoplasm, a goblin and 2 bats.

Vanquished Creatures
  A goblin (D:1)
  A frilled lizard (D:1)
2 creatures vanquished.

Notes
Turn   | Place    | Note
-------+----------+-------------------------------------------
     0 | D:1      | monsoonserge the Troll Berserker began the quest for the
                  | Orb.
     0 | D:1      | Reached XP level 1. HP: 22/22 MP: 0/0
    48 | D:1      | HP: 1/22 [goblin/+0 dagger of electrocution (2)]
    49 | D:1      | Slain by a goblin

Illustrated notes

Levels and vault maps discovered:
D:1:      denvon_arrival_waterhouse, layout_rooms, serial_forest,
          infiniplex_forest_end_3, infiniplex_forest_lined_3,
          infiniplex_forest_lined_ring, infiniplex_forest_lined_3,
          infiniplex_forest_clump_long, infiniplex_forest_lined_corner,
          corner_web_ring

Action                     || total
---------------------------++-------
  Melee: Mace              ||     9
 Armour: Animal skin       ||    19
  Dodge: Dodged            ||    16
